 Dungeon Crawl Stone Soup version 0.23.0-42-geed6394480 (webtiles) character file.

Game seed: 18312539669077011019

44 Ivernyr the Magician (level 3, 0/16 HPs)
             Began as a Vine Stalker Wizard on Mar 1, 2019.
             Slain by Natasha (6 damage)
             ... on level 2 of the Dungeon.
             The game lasted 00:07:32 (2141 turns).

Ivernyr the Magician (Vine Stalker Wizard)          Turns: 2141, Time: 00:07:33

Health: 0/16       AC:  3    Str:  9    XL:     3   Next: 62%
Magic:  0/9        EV: 12    Int: 19    God:
Gold:   50         SH:  0    Dex: 12    Spells: 0/9 levels left

rFire    . . .     SeeInvis .   (no weapon)
rCold    . . .     Gourm    .   (no shield)
rNeg     . . .     Faith    .   a - +0 robe
rPois    .         Spirit   +   b - +0 hat
rElec    .         Reflect  .   (no cloak)
rCorr    .         Harm     .   (no gloves)
MR       .....                  h - +0 pair of boots
Stlth    ++........             (no amulet)
HPRegen  0.05/turn              (no ring)
MPRegen  0.11/turn              (no ring)

@: no status effects
A: fangs 2, magic shield, antimagic bite, no potion heal 3, rot immunity
a: no special abilities


You were on level 2 of the Dungeon.
You were hungry.

You visited 1 branch of the dungeon, and saw 2 of its levels.

You collected 50 gold pieces.

Inventory:

Armour
 a - a +0 robe (worn)
 b - a +0 hat (worn)
 h - a +0 pair of boots (worn)
Scrolls
 e - a scroll of noise {unknown}
 g - 2 scrolls of amnesia {unknown}
 j - 2 scrolls of identify {unknown}
Potions
 c - 2 potions of heal wounds {unknown}
 f - a potion of curing {unknown}
 i - a potion of magic {unknown}
Comestibles
 d - 5 rations


   Skills:
 + Level 0.2 Fighting
 - Level 2.0 Dodging
 - Level 2.4 Stealth
 + Level 3.6 Spellcasting
 * Level 2.4 Conjurations
   Level 1.0 Summonings
 - Level 1.0 Translocations


You couldn't memorise any spells.
You knew the following spells:

 Your Spells              Type           Power        Failure   Level  Hunger
a - Magic Dart            Conj           ##..         5%          1    None
b - Blink                 Tloc           N/A          14%         2    ##.....
c - Conjure Flame         Conj/Fire      #.......     26%         3    ###....
d - Mephitic Cloud        Conj/Pois/Air  #.......     30%         3    ###....

Your spell library contained the following spells:

 Spells                   Type           Power        Failure   Level  Hunger
 Call Imp                 Summ           #.......     14%         2    ##.....
 Slow                     Hex            #.......     22%         2    ##.....


Dungeon Overview and Level Annotations

Branches:
Dungeon (2/15)

Altars:
Okawaru
Qazlal
Trog

Annotations:
D:2 Natasha


Innate Abilities, Weirdness & Mutations

You have extremely sharp teeth.
When hurt, damage is shared between your health and your magic reserves.
Your bite disrupts and absorbs the magic of your enemies.
Potions cannot restore your health.
You are immune to rotting.


Message History

Aim: Natasha (noxious fumes, heavily wounded, confused)
The magic dart hits Natasha.
Natasha is severely wounded.
Natasha is engulfed in noxious fumes.
Natasha appears confused.
Casting: Magic Dart (safe; 5% risk of failure)
Confirm with . or Enter, or press ? or * to list all spells.
Aiming: Magic Dart (safe; 5% risk of failure)
Press: ? - help, Shift-Dir - straight line, f/p - Natasha
Aim: Natasha (severely wounded, confused)
The magic dart hits Natasha but does no damage.
Natasha is severely wounded.
Natasha closely misses you.
You catch the helpless Natasha completely off-guard!
You hit Natasha.
Natasha is severely wounded.
Natasha claws you.
You hit Natasha but do no damage.
Natasha is severely wounded.
Natasha claws you.
You die...

#.# ## #.#
#######.....
#(#
##.##.......#
#.# ##.#...#
..
##.###.###..#
.# ......##
##.# .#
######.###..#
.# #
##.#.#.#####.#
#
##(##.....@h#
# #.##########
# #.#
########.#
.........#
#.######## #.#
#.# .<#


You could see Natasha (confused).

Vanquished Creatures
  A worm (D:2)
  5 dart slugs
  A leopard gecko (D:1)
  A giant cockroach (D:2)
  A goblin (D:1)
  5 hobgoblins
  7 bats
  2 frilled lizards (D:2)
  2 kobolds (D:2)
  10 rats
35 creatures vanquished.

Notes
Turn   | Place    | Note
-------+----------+-------------------------------------------
     0 | D:1      | Ivernyr the Vine Stalker Wizard began the quest for the
                  | Orb.
     0 | D:1      | Reached XP level 1. HP: 9/9 MP: 5/5
   409 | D:1      | Reached XP level 2. HP: 13/13 MP: 5/7
   413 | D:1      | Learned a level 2 spell: Blink
  1409 | D:2      | Reached XP level 3. HP: 16/16 MP: 7/9
  1431 | D:2      | Learned a level 3 spell: Conjure Flame
  1435 | D:2      | Learned a level 3 spell: Mephitic Cloud
  1574 | D:2      | Found a bloodstained altar of Trog.
  1574 | D:2      | Found an iron altar of Okawaru.
  1710 | D:2      | Found a faded altar of an unknown god.
  1734 | D:2      | Found a stormy altar of Qazlal.
  2128 | D:2      | Noticed Natasha
  2141 | D:2      | Slain by Natasha

Skill      XL: |  1  2  3 |
---------------+----------+-----
Conjurations   | 2 |  2.4
Dodging        | 2 |  2.0
Fighting       | |  0.2
Stealth        | |  2.4
Spellcasting   | |  3.6
Summonings     | |  1.0
Translocations | |  1.0

Action                   || total
-------------------------++-------
Melee: Unarmed           ||    39
       Bite              ||    12
 Cast: Magic Dart        ||    74
       Mephitic Cloud    ||     1
 Stab: Confused          ||     1
  Eat: Chunk             ||     3
Armor: Robe              ||    10
Dodge: Dodged            ||    37
